 Dungeon Crawl Stone Soup version 0.19.5 (webtiles) character file.

72 tof the Cudgeler (level 4, 0/35 HPs)
             Began as a Demonspawn Gladiator on Mar 7, 2017.
             Slain by a gnoll
             ... wielding a +0 spear
              (2 damage)
             ... on level 3 of the Dungeon.
             The game lasted 00:07:28 (2459 turns).

tof the Cudgeler (Demonspawn Gladiator)             Turns: 2459, Time: 00:07:29

Health: 0/35       AC:  9    Str: 15 (16) XL:     4   Next: 6%
Magic:  4/4        EV:  7    Int:  9      God:
Gold:   144        SH:  0    Dex: 11 (14) Spells: 0 memorised, 3 levels left

rFire  . . .     SeeInvis .     a - +0 flail
rCold  . . .     Gourm    .     r - +0 chain mail
rNeg   . . .     Faith    .     (no shield)
rPois  .         Spirit   .     c - +0 helmet
rElec  .         Reflect  .     (no cloak)
rCorr  .         Harm     .     (no gloves)
MR     +....                    (no boots)
Stlth  ..........               (no amulet)
                                (no ring)
                                g - ring of protection from magic

@: no status effects
A: rot immunity
a: no special abilities


You were on level 3 of the Dungeon.
You were not hungry.

You visited 1 branch of the dungeon, and saw 3 of its levels.

You collected 144 gold pieces.

Inventory:

Hand Weapons
 a - a +0 flail (weapon)
Missiles
 d - 3 throwing nets
 k - 67 stones (quivered)
 n - 16 poisoned needles
Armour
 b - a +0 leather armour
 c - a +0 helmet (worn)
 r - a +0 chain mail (worn)
Jewellery
 g - a ring of protection from magic (left hand)
Scrolls
 j - 2 scrolls of teleportation {unknown}
 m - a scroll of remove curse {unknown}
 o - a scroll of magic mapping {unknown}
 p - a scroll of recharging {unknown}
 s - a scroll of fear {unknown}
 t - a scroll of immolation {unknown}
 u - a scroll of amnesia {unknown}
Potions
 e - a potion of curing
 i - a potion of resistance
Books
 q - a book of Minor Magic

   Spells                             Type                      Level
   a - Magic Dart                     Conjuration                  1
   b - Blink                          Translocation                2
   c - Call Imp                       Summoning                    2
   d - Repel Missiles                 Charms/Air                   2
   e - Slow                           Hexes                        2
   f - Conjure Flame                  Conjuration/Fire             3
   g - Mephitic Cloud                 Conjuration/Poison/Air       3
Comestibles
 f - 2 bread rations
 h - a beef jerky
 l - 2 slices of pizza
 v - a chunk of flesh


   Skills:
 * Level 3.0 Fighting
 * Level 3.2 Maces & Flails
 + Level 2.2 Throwing
 + Level 1.1 Armour
 + Level 2.8 Dodging


You had 3 spell levels left.
You didn't know any spells.

Dungeon Overview and Level Annotations

Branches:
Dungeon (3/15)

Altars:
Ashenzari
Nemelex Xobeh


Innate Abilities, Weirdness & Mutations

You are immune to rotting.


Message History

The giant cockroach bites you but does no damage.
The gnoll hits you but does no damage.
The gnoll hits you from afar with a spear.
The giant cockroach bites you but does no damage.
You barely miss the gnoll. The giant cockroach barely misses you.
The gnoll barely misses you. x2
You hit the gnoll.
The gnoll is lightly wounded.
The giant cockroach bites you but does no damage.
The gnoll hits you but does no damage. The gnoll barely misses you.
The giant cockroach barely misses you.
You sock the gnoll!
The gnoll is almost dead.
The gnoll hits you from afar with a spear.
The giant cockroach barely misses you. The gnoll hits you with a flail!
* * * LOW HITPOINT WARNING * * *
You are too injured to fight recklessly!
You are too injured to fight recklessly!
The gnoll hits you from afar with a spear.
You die...

#. #. ######### ####.
#@g(....# .....##
#s#####.# ##../##
#####g#####.#
#.....####.g.gK...##.#
##..#...K.gs###.##.##.#
#.......##### #.##.##.#
#.#...#.# #.......#
##..#g# ##.######
#.###.#.# #.#


You could see 3 gnolls, a giant cockroach and a kobold.

Vanquished Creatures
  A gnoll (D:3)
  2 worms (D:2)
  2 dart slugs
  An orc (D:3)
  6 bats
  3 giant cockroaches
  5 goblins
  9 hobgoblins
  2 jackals (D:1)
  5 kobolds
  A quokka (D:2)
  2 ball pythons
  4 frilled lizards
  5 rats
48 creatures vanquished.

Notes
Turn   | Place    | Note
-------+----------+-------------------------------------------
     0 | D:1      | tof the Demonspawn Gladiator began the quest for the Orb.
     0 | D:1      | Reached XP level 1. HP: 16/16 MP: 1/1
   283 | D:1      | Gained mutation: You are immune to rotting. [demonic ancestry]
   283 | D:1      | Reached XP level 2. HP: 21/23 MP: 2/2
  1013 | D:2      | Reached XP level 3. HP: 28/28 MP: 3/3
  1513 | D:2      | Found a sparkling altar of Nemelex Xobeh.
  1573 | D:2      | HP: 1/28 [worm (8)]
  2044 | D:2      | Reached skill level 1 in Armour
  2189 | D:3      | Found a shattered altar of Ashenzari.
  2253 | D:3      | Reached XP level 4. HP: 16/35 MP: 4/4
  2459 | D:3      | Slain by a gnoll

Skill      XL: |  1  2  3 |
---------------+----------+-----
Throwing       | 2 |  2.2
Maces & Flails | 3 |  3.2
Armour         | 1 |  1.1
Fighting       | 3 |  3.0
Dodging        | |  2.8

Action                   |  1- 3 |  4- 6 || total
-------------------------+-------+-------++-------
Melee: Flail             |   191 |    11 ||   202
  Use: Potion            |     7 |       ||     7
  Eat: Chunk             |     5 |       ||     5
Armor: Leather armour    |    41 |       ||    41
       Chain mail        |    23 |    14 ||    37
Dodge: Dodged            |   107 |    13 ||   120
